 Dungeon Crawl Stone Soup version 0.26.0-45-g9c1d065592 (webtiles) character file.

Game seed: 14713779844512776464

(classic levelgen) 27418 thiole the Arsonist (level 13, 0/90 HPs)
             Began as an Octopode Venom Mage on Jan 30, 2021.
             Was an Initiate of Gozag.
             Slain by a fire dragon (5 damage)
             ... in a volcano.
             The game lasted 00:52:19 (20259 turns).

thiole the Arsonist (Octopode Venom Mage)          Turns: 20259, Time: 00:52:20

Health: 0/90       AC:  1    Str: 13    XL:     13   Next: 32%
Magic:  3/25       EV: 20    Int: 26    God:    Gozag
Gold:   184        SH:  5    Dex: 16    Spells: 9/28 levels left

rFire    . . .     SeeInvis .   s - staff of poison
rCold    . . .     Faith    .   (no shield)
rNeg     + . .     Spirit   .   (helmet restricted)
rPois    +         Reflect  +   d - amulet "Wakk" {Reflect rElec rPois SH+5}
rElec    +         Harm     .   e - +6 ring of strength
rCorr    .         Rampage  .   A - ring of stealth
Will     +....     Clarity  +   f - ring of the Lobster {rN+ Int+5}
Stlth    +++++.....             (no ring)
HPRegen  0.00/turn              (no ring)
MPRegen  0.19/turn              (no ring)
                                (no ring)
                                (no ring)

@: gold aura
A: almost no armour, stealthy swim, amphibious, 8 rings, constrict 8, camouflage
1, agile 1, clarity, strong-willed 1, inhibited regeneration, gelatinous body 1
a: Renounce Religion, Potion Petition, Call Merchant, Bribe Branch


You were in a volcano.
You worshipped Gozag.
Gozag was aware of your devotion.
You visited 4 branches of the dungeon, and saw 13 of its levels.
You also visited: Volcano.

You collected 3380 gold pieces.
You spent 1430 gold pieces at shops.
You paid 1766 gold pieces to Gozag.

Inventory:

Missiles
 k - 242 stones
 m - 5 atropa-tipped darts
Magical Staves
 s - an uncursed staff of poison (weapon)
Jewellery
 d - the amulet "Wakk" (around mantle) {Reflect rElec rPois SH+5}
   (You bought it in a shop on level 9 of the Dungeon)

   [amulet of reflection]

   It shields you and reflects attacks.
   It insulates you from electricity.
   It protects you from poison.
   It affects your SH (+5).
 e - a +6 ring of strength (left tentacle)
 f - the ring of the Lobster (on tentacle) {rN+ Int+5}
   (You bought it in a shop on level 9 of the Dungeon)

   [ring of positive energy]

   It affects your intelligence (+5).
   It protects you from negative energy.
 A - a ring of stealth (right tentacle)
Wands
 l - a wand of digging (3)
 q - a wand of acid (6) (quivered)
 C - a wand of flame (11)
Scrolls
 a - a scroll of teleportation
 g - 3 scrolls of enchant weapon {unknown}
 i - 6 scrolls of remove curse
 j - 3 scrolls of amnesia {unknown}
 o - 2 scrolls of blinking {unknown}
 w - 2 scrolls of enchant armour {unknown}
 x - a scroll of fog {unknown}
 y - a scroll of immolation {unknown}
Potions
 c - 3 potions of curing
 r - 2 potions of flight
 u - a potion of magic {unknown}
 v - a potion of mutation
 z - a potion of might {unknown}


   Skills:
 - Level 9.0 Fighting
 - Level 10.0 Dodging
 - Level 5.0 Stealth
 - Level 8.0 Spellcasting
 - Level 8.0 Conjurations
 - Level 2.0 Transmutations
 - Level 10.0 Fire Magic
 + Level 6.2 Air Magic
 - Level 9.0 Poison Magic


You had 9 spell levels left.
You knew the following spells:

 Your Spells              Type           Power        Failure   Level
a - Sting                 Tmut/Pois      100%         1%          1
b - Mephitic Cloud        Conj/Pois/Air  66%          1%          3
c - Ignite Poison         Fire/Tmut/Pois 63%          1%          3
d - Olgreb's Toxic Radia  Pois           72%          1%          4
e - Fireball              Conj/Fire      27%          3%          5
f - Dazzling Flash        Conj/Hex       62%          3%          3

Your spell library contained the following spells:

 Spells                   Type           Power        Failure   Level
 Foxfire                  Conj/Fire      100%         1%          1
 Poisonous Vapours        Pois/Air       100%         1%          2
 Conjure Flame            Conj/Fire      55%          1%          3
 Sticky Flame             Conj/Fire      55%          1%          4
 Inner Flame              Hex/Fire       36%          2%          3
 Corona                   Hex            11%          5%          1
 Ensorcelled Hibernation  Hex/Ice        20%          9%          2
 Confusing Touch          Hex            10%          17%         3
 Gell's Gravitas          Tloc           5%           17%         3
 Tukima's Dance           Hex            10%          17%         3
 Petrify                  Tmut/Erth      15%          36%         4
 Passage of Golubria      Tloc           N/A          50%         4
 Yara's Violent Unravell  Hex/Tmut       7%           71%         5
 Metabolic Englaciation   Hex/Ice        5%           83%         5
 Simulacrum               Ice/Necr       5%           100%        6
 Disjunction              Tloc           5%           100%        8


Dungeon Overview and Level Annotations

Branches:
Dungeon (9/15)             Temple (1/1) D:5            Lair (1/6) D:8
    Orc (2/2) D:9             Elf (0/3) Orc:2       Volcano (1/1)

Altars:
Ashenzari
Cheibriados
Dithmenos
Elyvilon
Fedhas
Gozag
Hepliaklqana
Kikubaaqudgha
Makhleb
Nemelex Xobeh
Okawaru
Qazlal
Ru
Sif Muna
Trog
Uskayaw
Wu Jian
Yredelemnul
Zin
The Shining One

Shops:
D:9 ==   Orc:2 ([*[

Annotations:
Orc:2 Saint Roka


Innate Abilities, Weirdness & Mutations

You cannot wear most types of armour.
You are very stealthy in the water. (Stealth+)
You are amphibious.
You can wear up to eight rings at the same time.
You can use your tentacles to constrict eight enemies at once.
Your skin changes colour to match your surroundings (Stealth+).
Your rubbery body absorbs attacks. (AC +1, EV +1)
You are agile. (Dex +2)
You possess an exceptional clarity of mind.
You are strong-willed. (Will+)
You do not regenerate when monsters are visible.


Message History

The bolt of acid hits the fire dragon!
The fire dragon is splashed with acid.
The fire dragon seems to be corroded for longer.
The fire dragon is moderately wounded.
In the distance, the volcano erupts with a roar.
The fire dragon bites you.
* * * LOW HITPOINT WARNING * * *
The fire dragon misses you. The fire dragon tramples you.
* * * LOW HITPOINT WARNING * * *
You stumble backwards!
Aiming: Corrosive Bolt
Press: ? - help, Shift-Dir - straight line, f/p - fire dragon
Aim: a fire dragon (moderately wounded, covered in acid, 21% to evade)
The bolt of acid hits the fire dragon!
The fire dragon is splashed with acid.
The fire dragon seems to be corroded for longer.
The fire dragon is heavily wounded.
The fire dragon bites you!
* * * LOW HITPOINT WARNING * * *
The fire dragon claws you.
You die...
Your body crumbles into a pile of gold.

§≈≈≈≈≈ $ $ ≈§§≈≈☼ ≈≈≈≈≈≈≈
$ $ ...≈§§§§☼§§§°§≈§≈≈ $ $
...§§§§☼§§°°°§≈≈≈
..§≈≈≈○§§°≈○≈§≈≈
#..§≈≈≈≈≈≈≈§§≈≈≈ $
###..≈≈≈§≈≈≈≈≈§§≈§
#+#######8....§§≈§≈≈§≈≈≈§≈
......$$D@....≈≈§§≈§≈§≈≈..
...$.####8.....≈§§≈≈§§...#
... ####....≈§≈≈≈.#..# .
###.......##### #########


You could see a fire dragon (corroded).

Vanquished Creatures
  4 ogre magi (Orc:2)
  15 two-headed ogres
  6 orc sorcerers
  Psyche (D:8)
  A cane toad (Lair:1)
  Maggie (D:6)
  2 komodo dragons (D:8)
  A troll (D:9)
  A hornet (D:7)
  Prince Ribbit (D:8)
  Sigmund (D:6)
  7 yaks
  8 fire bats (Volcano)
  2 steam dragons
  Duvessa (D:5)
  3 hell hounds
  14 orc warriors
  A sky beast (D:4)
  A phantom (D:5)
  31 ogres
  A centaur (D:9)
  8 bullfrogs
  A big kobold (D:8)
  4 scorpions
  Dowan (D:5)
  14 killer bees
  8 wights (D:8)
  2 howler monkeys
  2 centaur zombies
  4 lava snakes (Volcano)
  2 bullfrog zombies
  Crazy Yiuf (D:3)
  A jelly (D:9)
  A bullfrog skeleton (D:6)
  13 orc priests
  7 hounds
  2 centaur skeletons
  4 iguanas
  Ijyb (D:2)
  7 orc wizards
  7 worker ants
  2 hound skeletons
  A worker ant zombie (D:7)
  Robin (D:4)
  A gnoll (D:1)
  15 adders
  A shadow imp (D:8)
  2 white imps (D:7)
  2 ufetubi (D:8)
  An ooze (D:4)
  An adder zombie (D:6)
  An adder skeleton (D:5)
  3 worms
  A dart slug (D:2)
  8 leopard geckos
  49 orcs
  6 giant cockroaches
  14 goblins
  8 hobgoblins
  10 jackals
  3 quokkas
  2 ball pythons
  5 bats
  5 frilled lizards
  13 kobolds
  2 leopard gecko skeletons
  2 quokka skeletons
  5 rats
357 creatures vanquished.

Vanquished Creatures (others)
  9 fungi (D:8)
  18 plants
27 creatures vanquished.

Grand Total: 384 creatures vanquished

Notes
Turn   | Place    | Note
-------+----------+-------------------------------------------
     0 | D:1      | thiole the Octopode Venom Mage began the quest for the Orb.
     0 | D:1      | Reached XP level 1. HP: 11/11 MP: 3/3
   308 | D:1      | Reached XP level 2. HP: 17/17 MP: 1/5
   704 | D:1      | Reached XP level 3. HP: 21/21 MP: 2/6
  1396 | D:2      | Reached skill level 5 in Stealth
  1462 | D:2      | Reached XP level 4. HP: 16/27 MP: 0/7
  1682 | D:2      | Reached skill level 1 in Conjurations
  1682 | D:2      | Reached skill level 1 in Air Magic
  2790 | D:3      | Noticed Ijyb
  2819 | D:2      | Killed Ijyb
  2820 | D:2      | Reached XP level 5. HP: 9/31 MP: 0/8
  3395 | D:3      | Reached skill level 1 in Fire Magic
  3465 | D:3      | Reached XP level 6. HP: 19/36 MP: 4/9
  3983 | D:3      | Found a runed translucent door.
  3984 | D:3      | Noticed Crazy Yiuf
  4350 | D:3      | Killed Crazy Yiuf
  4608 | D:4      | Learned a level 3 spell: Mephitic Cloud
  4613 | D:4      | Learned a level 4 spell: Olgreb's Toxic Radiance
  5094 | D:4      | Found an iron altar of Okawaru.
  5322 | D:4      | Found a broken altar of Ashenzari.
  5376 | D:4      | Found a burning altar of Makhleb.
  5486 | D:4      | Noticed Robin
  5518 | D:4      | Killed Robin
  5659 | D:4      | Learned a level 3 spell: Ignite Poison
  5949 | D:4      | Reached skill level 1 in Fighting
  5949 | D:4      | Reached XP level 7. HP: 43/43 MP: 5/11
  6707 | D:4      | Reached skill level 5 in Poison Magic
  6863 | D:5      | Entered Level 5 of the Dungeon
  6975 | D:5      | Noticed Dowan
  6977 | D:5      | Noticed Duvessa
  6980 | D:5      | Killed Dowan
  6984 | D:5      | Killed Duvessa
  7463 | D:5      | Found a shimmering blue altar of Sif Muna.
  7533 | D:5      | Reached XP level 8. HP: 50/50 MP: 4/13
  7607 | D:5      | Found a staircase to the Ecumenical Temple.
  7616 | Temple   | Entered the Ecumenical Temple
  7699 | Temple   | Became a worshipper of Gozag Ym Sagoz the Greedy
  8003 | D:5      | Reached skill level 5 in Spellcasting
  8892 | D:6      | Noticed Maggie
  9018 | D:6      | Noticed Sigmund
  9027 | D:6      | Killed Sigmund
  9028 | D:6      | Reached skill level 5 in Fighting
  9028 | D:6      | Reached XP level 9. HP: 61/61 MP: 1/17
  9433 | D:6      | Killed Maggie
  9757 | D:7      | Noticed a hornet
  9761 | D:7      | Killed a hornet
 10028 | D:7      | Reached skill level 5 in Dodging
 11270 | D:8      | Reached skill level 5 in Fire Magic
 11281 | D:8      | Reached skill level 5 in Conjurations
 11281 | D:8      | Reached XP level 10. HP: 30/66 MP: 0/19
 11468 | D:8      | Noticed Psyche
 11472 | D:8      | Killed Psyche
 11657 | D:8      | Found a staircase to the Lair.
 12571 | D:8      | Found a sacrificial altar of Ru.
 12760 | D:8      | Learned a level 5 spell: Fireball
 12770 | D:8      | Noticed Prince Ribbit
 12785 | D:8      | Killed Prince Ribbit
 13583 | D:8      | Found a stormy altar of Qazlal.
 13631 | D:9      | Reached skill level 5 in Air Magic
 14137 | D:9      | Identified Goith's Grimoire of the Freezing Compass
 14525 | D:9      | Reached XP level 11. HP: 54/71 MP: 3/23
 15491 | D:9      | Found a staircase to the Orcish Mines.
 15631 | Orc:1    | Entered Level 1 of the Orcish Mines
 15691 | Orc:1    | Noticed an orc sorcerer
 15695 | Orc:1    | Killed an orc sorcerer
 15773 | Orc:1    | Noticed an orc sorcerer
 15776 | Orc:1    | Killed an orc sorcerer
 15898 | Orc:2    | Entered Level 2 of the Orcish Mines
 15898 | Orc:2    | Noticed Saint Roka
 16193 | Orc:1    | Noticed an orc sorcerer
 16197 | Orc:1    | Killed an orc sorcerer
 16594 | Orc:2    | Noticed an orc sorcerer
 16594 | Orc:2    | Noticed an orc sorcerer
 16597 | Orc:2    | Killed an orc sorcerer
 16597 | Orc:2    | Killed an orc sorcerer
 16605 | Orc:2    | Noticed an orc sorcerer
 16757 | Orc:2    | Killed an orc sorcerer
 16880 | Orc:2    | Noticed a two-headed ogre
 16880 | Orc:2    | Noticed a two-headed ogre
 16880 | Orc:2    | Noticed a two-headed ogre
 16882 | Orc:2    | Noticed a two-headed ogre
 16884 | Orc:2    | Noticed a two-headed ogre
 16885 | Orc:2    | Noticed an ogre mage
 16885 | Orc:2    | Killed a two-headed ogre
 16885 | Orc:2    | Killed a two-headed ogre
 16885 | Orc:2    | Killed a two-headed ogre
 16885 | Orc:2    | Noticed a two-headed ogre
 16886 | Orc:2    | Reached skill level 10 in Fire Magic
 17019 | Orc:2    | Noticed a two-headed ogre
 17019 | Orc:2    | Noticed an ogre mage
 17019 | Orc:2    | Noticed an ogre mage
 17033 | Orc:1    | Killed a two-headed ogre
 17034 | Orc:1    | Reached XP level 12. HP: 56/81 MP: 9/24
 17164 | Orc:2    | Noticed a two-headed ogre
 17164 | Orc:2    | Noticed a two-headed ogre
 17165 | Orc:2    | Noticed a two-headed ogre
 17167 | Orc:2    | Killed a two-headed ogre
 17167 | Orc:2    | Noticed a two-headed ogre
 17169 | Orc:2    | Killed a two-headed ogre
 17170 | Orc:2    | Noticed a two-headed ogre
 17170 | Orc:2    | Killed an ogre mage
 17170 | Orc:2    | Killed an ogre mage
 17170 | Orc:2    | Killed a two-headed ogre
 17171 | Orc:2    | Noticed a two-headed ogre
 17173 | Orc:2    | Found a staircase to the Elven Halls.
 17208 | Orc:2    | Killed a two-headed ogre
 17214 | Orc:2    | Killed a two-headed ogre
 17294 | Orc:2    | Found Noottan's General Store.
 17294 | Orc:2    | Found Gokk's Antique Weapon Shoppe.
 17294 | Orc:2    | Found Dacheame's Armour Emporium.
 17294 | Orc:2    | Found Karphalo's Armour Boutique.
 17294 | Orc:2    | Noticed a two-headed ogre
 17404 | Orc:2    | Noticed a two-headed ogre
 17507 | Orc:2    | Noticed an ogre mage
 17508 | Orc:2    | Killed a two-headed ogre
 17510 | Orc:2    | Killed a two-headed ogre
 17511 | Orc:2    | Reached skill level 10 in Dodging
 17512 | Orc:2    | Killed an ogre mage
 17648 | Orc:2    | Killed a two-headed ogre
 18034 | Orc:2    | Killed a two-headed ogre
 18035 | Orc:2    | Reached XP level 13. HP: 89/89 MP: 9/25
 18178 | Orc:2    | Bought a potion of heal wounds for 75 gold pieces
 18178 | Orc:2    | Bought a potion of haste for 150 gold pieces
 19456 | D:9      | Bought the amulet "Wakk" {Reflect rElec rPois SH+5} for 530
                  | gold pieces
 19463 | D:9      | Bought the ring of the Lobster {rN+ Int+5} for 675 gold
                  | pieces
 19527 | Lair:1   | Entered Level 1 of the Lair of Beasts
 19604 | Lair:1   | Found a dark tunnel.
 19616 | Lair:1   | Learned a level 3 spell: Dazzling Flash
 19698 | Volcano  | Entered a volcano
 20245 | Volcano  | Noticed a fire dragon
 20254 | Volcano  | Gained mutation: You do not regenerate when monsters are
                  | visible. [potion of mutation]
 20254 | Volcano  | Gained mutation: You are agile. (Dex +2) [potion of
                  | mutation]
 20254 | Volcano  | Gained mutation: You are strong-willed. (Will+) [potion of
                  | mutation]
 20254 | Volcano  | Gained mutation: You possess an exceptional clarity of
                  | mind. [potion of mutation]
 20259 | Volcano  | Slain by a fire dragon

Illustrated notes

Levels and vault maps discovered:
D:1:      arrival_zaba_pyramid, layout_basic, hangedman_decor_push, minivault_25
D:2:      layout_rooms, serial_curves, eino_curves_02, eino_curves_03,
          eino_curves_02, eino_curves_02, roderic_serpentine_path
D:3:      layout_basic, kennysheep_minor_cross, uniq_ijyb,
          uniq_crazy_yiuf_cottage
D:4:      layout_basic, nicolae_overflow_hidden_temple,
          amethyst_overflow_temple_binary, guppyfry_early_lair_pool, uniq_robin
D:5:      layout_loops_corners, minmay_temple_entry_trees, grunt_ministairs_2,
          led_sif_pool, uniq_duvessa
D:6:      layout_cave_pools, uniq_sigmund, uniq_maggie
D:7:      layout_basic, serial_park_tiny_1, minmay_microvault
D:8:      layout_basic, lemuel_coloured_pillars_altar,
          grunt_lair_entry_orc_guard_hut, hangedman_ru_absence, uniq_psyche,
          uniq_prince_ribbit1
D:9:      layout_rooms, erik_orc_2, serial_glass, glass_columns_b,
          glass_columns_b, glass_columns_b, glass_columns_a
Temple:   regret_index_temple_mists
Lair:1:   layout_roguey, enter_volcano_3, st_stairs_9, grunt_megastairs_2,
          serial_bayou_shore_b
Orc:1:    layout_caves
Orc:2:    st_orc_ogre_mass, layout_caves, uniq_saint_roka
Volcano:  volcano_grotto [vgs_statue_spotlight]

Skill      XL: |  1  2  3  4  5  6  7  8  9 10 11 12 13 |
---------------+----------------------------------------+-----
Poison Magic   | 4 5 6 9 |  9.0
Stealth        | 3 4 5 |  5.0
Conjurations   | 2 5 6 8 |  8.0
Air Magic      | 2 3 4 6 |  6.2
Fire Magic     | 1 3 6 7 10 | 10.0
Transmutations | 2 |  2.0
Spellcasting   | 3 5 6 8 |  8.0
Fighting       | 1 2 5 7 8 9 |  9.0
Dodging        | 4 5 10 | 10.0

Action                   |  1- 3 |  4- 6 |  7- 9 | 10-12 | 13-15 || total
-------------------------+-------+-------+-------+-------+-------++-------
Melee: Unarmed           |     8 |    52 |    13 |       |       ||    73
       Constrict         |     1 |    16 |    10 |    12 |     1 ||    40
       Tentacles         |       |     9 |    25 |    18 |     1 ||    53
       Staff             |       |       |    64 |    65 |     5 ||   134
 Cast: Sting             |    47 |   157 |    43 |    62 |    10 ||   319
       Olgreb's Toxic Ra |       |     1 |    41 |   100 |    33 ||   175
       Ignite Poison     |       |       |    25 |    61 |    21 ||   107
       Mephitic Cloud    |       |       |     1 |     5 |     1 ||     7
       Fireball          |       |       |       |       |     6 ||     6
       Dazzling Flash    |       |       |       |       |     2 ||     2
Invok: Potion Petition   |       |       |       |       |     2 ||     2
       Call Merchant     |       |       |       |       |     2 ||     2
Evoke: Wand              |       |       |       |     2 |    12 ||    14
  Use: Scroll            |     3 |       |     1 |     2 |     5 ||    11
       Potion            |       |     1 |       |     3 |     6 ||    10
 Stab: Sleeping          |       |     1 |     5 |       |     1 ||     7
       Distracted        |       |       |       |     2 |       ||     2
Armor: Skin              |     2 |     3 |     1 |     2 |     6 ||    14
Dodge: Dodged            |    15 |    82 |    69 |    95 |    20 ||   281
Block: Other             |       |       |       |       |     8 ||     8
       Reflection        |       |       |       |       |     2 ||     2
